 Dungeon Crawl Stone Soup version 0.25-a0-1130-g3926558f3a (webtiles) character file.

Game seed: 14720571243581863283, levelgen mode: deterministic

5625 MisterFreud the Spear-Bearer (level 10, -1/88 HPs)
             Began as a Centaur Fighter on May 19, 2020.
             Was an Elder of Okawaru.
             Succumbed to a queen ant's poison
             ... on level 9 of the Dungeon.
             The game lasted 00:16:02 (9812 turns).

MisterFreud the Spear-Bearer (Centaur Fighter)      Turns: 9812, Time: 00:16:03

Health: -1/88      AC:  9    Str: 21    XL:     10   Next: 46%
Magic:  14/14      EV:  7    Int: 13    God:    Okawaru [****..]
Gold:   923        SH:  0    Dex: 10    Spells: 9/9 levels left

rFire    . . .     SeeInvis .   a - +1 trident
rCold    . . .     Gourm    .   c - +0 kite shield
rNeg     . . .     Faith    +   b - +0 scale mail
rPois    .         Spirit   .   g - +2 helmet
rElec    .         Reflect  .   (no cloak)
rCorr    .         Harm     .   (no gloves)
MR       .....                  (no barding)
Stlth    ..........             u - amulet of faith
HPRegen  0.24/turn              y - +6 ring of intelligence
MPRegen  0.14/turn              B - ring of flight

@: confused, lethally poisoned (-1 -> -83), very quick
A: large, hooves 3, deformed body, speed 2, tough skin 3
a: Heroism, Renounce Religion, Evoke Flight


You were on level 9 of the Dungeon.
You worshipped Okawaru.
Okawaru was greatly pleased with you.
You were very hungry.

You visited 1 branch of the dungeon, and saw 9 of its levels.
You also visited: Bailey.

You collected 994 gold pieces.
You spent 71 gold pieces at shops.

Inventory:

Hand Weapons
 a - a +1 trident (weapon)
Missiles
 i - 140 arrows
 j - 34 bolts
 l - 34 poisoned darts (quivered)
 p - 119 stones
 v - 37 boomerangs
 z - 45 sling bullets
 N - 2 javelins
 S - 6 silver boomerangs
Armour
 b - a +0 scale mail (worn)
 c - a +0 kite shield (worn)
 g - a +2 helmet (worn)
 m - a +0 helmet
Jewellery
 k - an uncursed ring of stealth
 n - an uncursed amulet of magic regeneration
 u - an amulet of faith (around neck)
 y - a +6 ring of intelligence (left hand)
 B - a ring of flight (right hand)
 E - a cursed amulet of regeneration {unknown}
 L - an uncursed ring of magical power
 P - a +4 ring of slaying {unknown}
Wands
 J - a wand of random effects (8)
 M - a wand of flame (9)
 Q - a wand of polymorph (6)
 T - a wand of enslavement (14)
Scrolls
 e - 9 scrolls of teleportation
 q - 4 scrolls of enchant armour {unknown}
 r - a scroll of random uselessness {unknown}
 s - 6 scrolls of remove curse {unknown}
 x - 2 scrolls of immolation {unknown}
 A - a scroll of summoning {unknown}
 C - 2 scrolls of enchant weapon
 F - 5 scrolls of identify
 I - a scroll of noise {unknown}
 K - a scroll of fog {unknown}
 O - a scroll of magic mapping
 R - a scroll of fear {unknown}
Potions
 d - a potion of might
 h - 4 potions of brilliance
 t - 3 potions of haste
 w - a potion of mutation
Comestibles
 f - 17 rations


   Skills:
 + Level 7.8 Fighting
 + Level 10.3 Polearms
 - Level 2.1 Armour
 - Level 8.0 Shields
 - Level 6.0 Invocations


You had 9 spell levels left.
You didn't know any spells.
Your spell library contained the following spells:

 Spells                   Type           Power        Failure   Level  Hunger
 Corona                   Hex            #......      71%         1    ##.....
 Foxfire                  Conj/Fire      #...         71%         1    ##.....
 Magic Dart               Conj           #...         71%         1    ##.....
 Ensorcelled Hibernation  Hex/Ice        #.....       85%         2    ###....
 Confusing Touch          Hex            #.......     97%         3    ####...
 Dazzling Flash           Conj/Hex       #.....       97%         3    ####...
 Gell's Gravitas          Tloc           #.........   97%         3    ####...
 Tukima's Dance           Hex            #.......     97%         3    ####...
 Petrify                  Tmut/Erth      #.......     100%        4    #####..
 Lightning Bolt           Conj/Air       #.........   100%        5    ######.
 Metabolic Englaciation   Hex/Ice        #.........   100%        5    ######.
 Yara's Violent Unravell  Hex/Tmut       #.........   100%        5    ######.
 Iron Shot                Conj/Erth      #.........   100%        6    #######
 Spellforged Servitor     Conj/Summ      #.........   100%        7    #######


Dungeon Overview and Level Annotations

Branches:
Dungeon (9/15)             Temple (0/1) D:5            Lair (0/6) D:8
 Bailey (visited)
    Orc: D:9-12

Altars:
Ashenzari
Hepliaklqana
Kikubaaqudgha
Okawaru
Qazlal
Ru

Shops:
D:4 *   D:6 (

Annotations:
D:7 1 runed translucent door


Innate Abilities, Weirdness & Mutations

You have hooves in place of feet.
Armour fits poorly on your strangely shaped body.
You cover ground very quickly.
You have extremely tough skin. (AC +3)


Message History

You feel extremely sick. The queen ant stings you.
* * * LOW HITPOINT WARNING * * *
Okay, then.
Unknown command.
Unknown command.
Unknown command.
Unknown command.
Unknown command.
Okay, then.
Unknown command.
Unknown command.
Unknown command.
Okay, then.
Unknown command.
Unknown command.
Unknown command.
You are confused.
You feel invigorated.
You die...

#............#### #.##
#............)..## #.#
#............##..#####'#####
#............###..#......##.
#............# ##.'......'..
#............# ###......###
#............# #......#
#............# #......#
###########@## ########
###a#


#aaa# ######a#### #.....aaa..### #......a.a...# #........#aa'#####
#.......##aa.##..######### #.....### .#.a###......... You could see a queen ant,
3 soldier ants and 2 worker ants.

Vanquished Creatures
  Psyche (D:8)
  A dream sheep (D:8)
  A wyvern (D:8)
  Eustachio (D:5)
  Duvessa (D:6)
  A sky beast (D:6)
  8 orc warriors
  A black bear (D:8)
  2 ogres
  4 centaurs
  3 bullfrogs
  A big kobold (D:8)
  A water moccasin zombie (D:5)
  Dowan (D:6)
  3 scorpions
  3 killer bees (D:7)
  2 howler monkeys
  6 crimson imps
  2 bullfrog zombies (D:5)
  2 centaur zombies
  3 hounds
  2 orc priests (D:5)
  7 orc wizards
  Jessica (D:2)
  2 bullfrog skeletons
  3 iguanas
  11 worker ants
  A howler monkey zombie (D:5)
  Robin (D:2)
  8 gnolls
  8 adders
  A howler monkey skeleton (D:5)
  4 oozes
  An adder zombie (D:5)
  3 adder skeletons
  3 worms
  A dart slug (D:1)
  6 leopard geckos
  34 orcs
  8 giant cockroaches
  19 goblins
  10 hobgoblins
  14 jackals
  2 quokkas
  11 bats
  3 frilled lizards
  A giant cockroach zombie (D:6)
  20 kobolds
  A leopard gecko skeleton (D:5)
  2 leopard gecko zombies
  A quokka zombie (D:5)
  7 rats
244 creatures vanquished.

Vanquished Creatures (others)
  5 fungi (D:8)
  4 plants (D:8)
9 creatures vanquished.

Grand Total: 253 creatures vanquished

Notes
Turn   | Place    | Note
-------+----------+-------------------------------------------
     0 | D:1      | MisterFreud the Centaur Fighter began the quest for the
                  | Orb.
     0 | D:1      | Reached XP level 1. HP: 19/19 MP: 1/1
    37 | D:1      | Reached skill level 2 in Polearms
   133 | D:1      | Reached XP level 2. HP: 26/26 MP: 2/2
   381 | D:1      | Reached skill level 3 in Polearms
   540 | D:1      | Reached XP level 3. HP: 28/31 MP: 3/3
  1106 | D:1      | Found an iron altar of Okawaru.
  1332 | D:2      | Reached skill level 4 in Polearms
  1332 | D:2      | Reached XP level 4. HP: 17/38 MP: 4/4
  1583 | D:2      | Noticed Robin
  1607 | D:2      | Killed Robin
  1799 | D:2      | Noticed Jessica
  1807 | D:2      | Killed Jessica
  1821 | D:2      | Reached XP level 5. HP: 36/45 MP: 5/5
  2655 | D:3      | Reached skill level 5 in Polearms
  2929 | D:3      | Reached XP level 6. HP: 46/51 MP: 6/6
  3143 | D:3      | Reached skill level 6 in Polearms
  3890 | D:4      | Found Gito's General Store.
  4203 | D:4      | Bought a scroll of identify for 26 gold pieces
  4203 | D:4      | Bought a scroll of magic mapping for 45 gold pieces
  4425 | D:1      | Became a worshipper of Warmaster Okawaru
  4472 | D:5      | Entered Level 5 of the Dungeon
  4482 | D:5      | Noticed a water elemental
  4484 | D:5      | Found a stormy altar of Qazlal.
  4489 | D:5      | Noticed a fire elemental
  4489 | D:5      | Noticed an air elemental
  4514 | D:5      | Reached skill level 7 in Polearms
  4514 | D:5      | Reached XP level 7. HP: 52/57 MP: 7/7
  4671 | D:5      | Noticed Eustachio
  4700 | D:5      | Killed Eustachio
  4934 | D:5      | Reached skill level 8 in Polearms
  5238 | D:5      | Reached * piety under Okawaru
  5309 | D:5      | Found a staircase to the Ecumenical Temple.
  5359 | D:5      | Found a sacrificial altar of Ru.
  5424 | D:5      | Reached XP level 8. HP: 59/63 MP: 8/8
  5627 | D:5      | Reached skill level 9 in Polearms
  5627 | D:5      | Reached skill level 5 in Invocations
  5627 | D:5      | Reached XP level 9. HP: 75/75 MP: 8/13
  5696 | D:6      | Found Jykot's Weapon Shop.
  5696 | D:6      | Noticed Duvessa
  5696 | D:6      | Noticed Dowan
  5953 | D:6      | Killed Dowan
  5970 | D:6      | Reached ** piety under Okawaru
  6013 | D:6      | Killed Duvessa
  6237 | D:6      | Identified the +4 falchion of Siolutich {freeze, Int+5}
  6358 | D:6      | Found an iron altar of Okawaru.
  6634 | D:7      | Noticed a sixfirhy
  6644 | D:7      | Found a flagged portal.
  6650 | Bailey   | Entered a bailey
  6927 | Bailey   | Reached *** piety under Okawaru
  7135 | Bailey   | Found the cursed +14 obsidian axe {vorpal, +Fly SInv
                  | *Curse}
  7200 | Bailey   | Identified Sijyrch's Papyrus of Damage Dealing
  7520 | D:7      | Found a runed translucent door.
  7892 | D:8      | Found a staircase to the Lair.
  7912 | D:8      | Reached XP level 10. HP: 64/86 MP: 14/14
  8094 | D:8      | Noticed Psyche
  8098 | D:8      | Killed Psyche
  8098 | D:8      | Reached skill level 10 in Polearms
  9038 | D:8      | Noticed a three-headed hydra
  9055 | D:8      | Reached **** piety under Okawaru
  9296 | D:9      | Found a hazy altar of Hepliaklqana.
  9388 | D:9      | Found an ancient bone altar of Kikubaaqudgha.
  9483 | D:9      | Found an iron altar of Okawaru.
  9636 | D:9      | Identified the +2 robe of the Ant {Dex+6}
  9674 | D:9      | Found a shattered altar of Ashenzari.
  9782 | D:9      | Noticed a queen ant
  9811 | D:9      | HP: 4/88 [poisoned by a queen ant]
  9811 | D:9      | HP: 1/88 [queen ant (3)]
  9812 | D:9      | Succumbed to a queen ant's poison

Illustrated notes

Levels and vault maps discovered:
D:1:      dpeg_arrival_water_altar, layout_loops_corners
D:2:      layout_basic, uniq_robin, uniq_jessica
D:3:      layout_rooms, first_ration, skrybe_limestone_x,
          minmay_fractal_squares_gapless_5
D:4:      layout_basic, serial_shops, nicolae_shop_waterfront,
          kennysheep_flooded_box
D:5:      layout_loops_ring, nicolae_qazlal_style_of_elements, temple_hall,
          serial_undead, serial_undead_e, serial_undead_b, serial_undead_d,
          serial_undead_b, nicolae_ru_great_annihilating_truth, uniq_eustachio
D:6:      nicolae_whirlpool, layout_basic, serial_shops, shop,
          okawaru_ov_weapons_minmay, uniq_duvessa
D:7:      cheibrodos_shockbox, layout_basic, enter_bailey_2
D:8:      layout_loops_ring, dpeg_oklobed_lair, hangedman_ranch
          [blue_anna_fruit_fields], uniq_psyche
D:9:      layout_roguey, old_standard_altar, kennysheep_mini_moat,
          evilmike_ruin_ashenzari, basic_altar, zaba_antful_of_joy

Skill      XL: |  1  2  3  4  5  6  7  8  9 10 |
---------------+-------------------------------+-----
Polearms       | 2 3 4 5 7 8 9 10 | 10.3
Shields        | 3 7 8 |  8.0
Fighting       | 6 7 |  7.8
Invocations    | 5 6 |  6.0
Armour         | |  2.1

Action                   |  1- 3 |  4- 6 |  7- 9 | 10-12 || total
-------------------------+-------+-------+-------+-------++-------
Melee: Trident           |   120 |   244 |   369 |   181 ||   914
       Kick              |    15 |    37 |    58 |    48 ||   158
Throw: Dart              |       |     5 |       |       ||     5
 Abil: Evoke Flight      |       |       |     1 |       ||     1
  Use: Scroll            |       |     5 |     6 |       ||    11
       Potion            |       |     1 |     1 |     5 ||     7
 Stab: Paralysed         |       |       |     1 |       ||     1
  Eat: Chunk             |     1 |     8 |    10 |     4 ||    23
Armor: Scale mail        |    34 |   105 |    65 |    29 ||   233
       Skin              |       |       |       |     4 ||     4
Dodge: Dodged            |    21 |    43 |    60 |    19 ||   143
Block: Kite shield       |    32 |    81 |   128 |    49 ||   290

Table legend:
 A = Non-vault XP
 B = Vault XP
 C = Vault XP percentage of total XP
 D = Non-vault monster count
 E = Vault monster count
 F = Vault count percentage of total count
                 A         B        C        D         E       F
            +---------+---------+-------+---------+---------+-------
      Total |    3561 |    2872 |  44.6 |     180 |      64 |  26.2
            +---------+---------+-------+---------+---------+-------
        D:1 |      77 |       0 |   0.0 |      34 |       0 |   0.0
        D:2 |      63 |      64 |  50.4 |      22 |       9 |  29.0
        D:3 |     298 |      62 |  17.2 |      34 |       4 |  10.5
        D:4 |     127 |       0 |   0.0 |      18 |       0 |   0.0
        D:5 |     447 |     522 |  53.9 |      16 |      14 |  46.7
        D:6 |     487 |     438 |  47.4 |       8 |       4 |  33.3
        D:7 |     391 |       0 |   0.0 |       7 |       0 |   0.0
        D:8 |    1427 |     757 |  34.7 |      36 |       3 |   7.7
        D:9 |     244 |     133 |  35.3 |       5 |       4 |  44.4
     Bailey |       0 |     896 | 100.0 |       0 |      26 | 100.0
            +---------+---------+-------+---------+---------+-------
